[Event "Susha Chess Rapid 2022"]
[Site "Shusha"]
[Date "2022.09.23"]
[Round "7.1"]
[White "Guseinov, Gadir"]
[Black "Radjabov, Teimour"]
[Result "1/2-1/2"]
[ECO "C67"]
[WhiteElo "2661"]
[BlackElo "2747"]
[Annotator "TA"]
[PlyCount "23"]
[EventDate "2022.09.21"]
[EventType "tourn"]
[EventCountry "AZE"]
[SourceTitle "playchess.com"]
[Source "ChessBase"]
[SourceQuality "1"]
[TimeControl "900+10"]

1. e4 e5 2. Nf3 Nc6 3. Bb5 Nf6 4. O-O Nxe4 5. d4 Nd6 6. dxe5 Nxb5 7. a4 Nbd4 8. Nxd4 Nxd4 9. Qxd4 d5 10. exd6 Qxd6 {[%emt 0:00:01] [#]} ({Don't take} 10... Be6 11. Bf4 $16) 11. Qe4+ $146 {[%emt 0:00:01] C67: Ruy Lopez: Berlin Defence: 4 0-0 Nxe4.} ({Predecessor:} 11. Qe3+ Be6 12. Nc3 Qc6 13. Nb5 Bc5 14. Qg3 O-O-O 15. b4 Bb6 16. a5 Qxb5 17. axb6 Qxb6 18. Be3 Qd6 19. Rxa7 Qxg3 20. hxg3 Bc4 21. Ra8+ Kd7 22. Rd1+ {1-0 (24) Jobava,B (2603)-Bartel,M (2611) Chess.com INT 2021}) 11... Qe6 12. Qd4 {[%emt 0:00:01] A balanced but interesting game.} 1/2-1/2

[Event "Susha Chess Rapid 2022"]
[Site "Shusha"]
[Date "2022.09.23"]
[Round "7.2"]
[White "Kasimdzhanov, Rustam"]
[Black "Vidit, Santosh Gujrathi"]
[Result "0-1"]
[ECO "C45"]
[WhiteElo "2670"]
[BlackElo "2710"]
[Annotator "TA"]
[PlyCount "208"]
[EventDate "2022.09.21"]
[EventType "tourn"]
[EventCountry "AZE"]
[SourceTitle "playchess.com"]
[Source "ChessBase"]
[SourceQuality "1"]
[TimeControl "900+10"]

1. e4 e5 2. Nf3 Nc6 3. d4 exd4 4. Nxd4 Nf6 5. Nxc6 bxc6 6. e5 Qe7 7. Qe2 Nd5 8. g3 g6 9. c4 Ba6 10. b3 Bg7 11. Bb2 O-O 12. Bg2 Rae8 13. O-O Bxe5 14. Qxe5 Qxe5 15. Bxe5 Rxe5 16. cxd5 Bxf1 17. Kxf1 cxd5 18. Na3 c6 19. Nc2 a5 20. Rd1 Ra8 21. Rd4 Kf8 22. Bf3 h5 23. Ne1 Ree8 24. Nd3 Ke7 25. Ke2 Kd6+ 26. Kd2 Re6 27. Rf4 Ke7 28. Ra4 Kd6 29. h4 Kc7 30. Rf4 Rf8 31. Nc5 Re7 32. Rf6 Kb6 33. Nd3 Re6 34. Rf4 Re7 35. Kc3 Re6 36. Kd2 Re7 37. Nb2 Kc7 38. Na4 Kd6 39. Nc3 Re5 40. Ne2 Kc7 41. Nc3 Kd6 42. Be2 Rfe8 (42... Ree8 $11) 43. Bd3 $1 $14 R8e7 44. Ra4 Kc7 45. Nd1 (45. Ne2 $5 ) 45... Kb6 46. Ne3 R5e6 47. Rf4 Kc7 48. Nc2 Kb6 49. Nd4 Rd6 50. Nf3 c5 51. Ng5 f6 52. Nh3 $1 Rg7 $1 53. Bf1 Re6 54. Bg2 (54. Rf3 $16) 54... Rge7 $11 55. Bxd5 $2 (55. Kd3 $11) 55... Rd6 $19 56. Kc3 Rxd5 57. Rxf6+ Re6 $2 (57... d6 $19 {Threatens to win with ...Rd1.} 58. Nf4 Rd1) 58. Nf4 $11 Rf5 (58... Rd3+ $2 59. Kxd3 Rxf6 60. Nd5+ Kc6 61. Nxf6 $18) 59. Rxf5 gxf5 60. Nxe6 dxe6 61. Kd3 Kc6 62. Ke3 e5 $1 63. f3 Kd5 64. Kd3 e4+ (64... a4 $11 65. bxa4 c4+ 66. Ke2 (66. Kc3 $2 e4 $19) 66... Kc5) 65. Ke3 $17 Ke5 66. a4 exf3 67. Kxf3 Kd4 68. Kf4 Kc3 69. Kxf5 Kxb3 70. g4 hxg4 71. Kxg4 c4 72. h5 c3 73. h6 c2 74. h7 c1=Q (74... Kxa4 $6 75. h8=Q c1=Q 76. Qe8+ Kb4 77. Qb8+ Ka3 78. Qd6+ Kb3 79. Qb6+ Ka4 80. Kh5 $17) 75. h8=Q Qc4+ (75... Kxa4 $6 76. Qe8+ Kb4 77. Qb8+ Ka3 78. Qd6+ Kb3 79. Qb6+ Ka4 80. Qd6 $17) 76. Kf3 (76. Kg5 $11) 76... Qd3+ ({Black should play} 76... Kxa4 $17 {With the idea ...Kb3.} 77. Qe5 Qd3+ 78. Kf4 Kb4 79. Qb2+ Qb3 80. Qd2+ Qc3 81. Qd6+ Kb3 82. Qd1+ Kb2 83. Qe2+ Kc1) 77. Kf2 $11 Qd2+ ({Of course not} 77... Kxa4 $6 78. Qb2 $17) 78. Kf3 (78. Kf1 $1 $11) 78... Kxa4 $17 79. Qa1+ Kb3 80. Qb1+ Kc3 81. Qa1+ Kb4 82. Qb1+ Kc4 $1 83. Qe4+ Qd4 $2 (83... Kc3 $17 {( -> ...Qd3+)} 84. Qc6+ Kb3 85. Qe6+ Kb2) 84. Qe6+ $11 Kb4 85. Qe7+ $2 {[%emt 0:00:23] [#]} ({White has to play} 85. Ke2 $1 $11) 85... Kb3 $1 $17 86. Qb7+ (86. Ke2 $17) 86... Ka3 87. Qe7+ (87. Qc7 $17 {keeps fighting.}) 87... Qb4 88. Qe5 Qb3+ 89. Ke4 a4 90. Qa1+ Kb4 91. Qe1+ Kb5 92. Kf5 Qd3+ 93. Kg5 a3 94. Qe5+ Kc4 95. Qc7+ Kb4 96. Qe7+ Kb3 97. Qb7+ Kc2 98. Qa7 {[%emt 0:00:15] [#]} (98. Qf7 $17 {was worth a try.}) 98... Qd5+ $1 $19 99. Kh6 $2 (99. Kg6 $19 a2 100. Qf2+ Kb3 101. Qe3+ Kb4 102. Qe1+ Ka4 103. Qe8+ Ka5 104. Qe1+ Kb5 105. Qf1+ Kb4 106. Qf4+ Qc4 107. Qf8+ Qc5 108. Qf4+ Kb5 109. Qf1+ Kb6 110. Qa1) 99... a2 100. Qa4+ Kc3 101. Qa3+ Kd4 102. Qb2+ Kd3 103. Kh7 Qe4+ 104. Kg8 Qa8+ 0-1

[Event "Susha Chess Rapid 2022"]
[Site "Shusha"]
[Date "2022.09.23"]
[Round "7.3"]
[White "Mamedyarov, Shakhriyar"]
[Black "Durarbayli, Vasif"]
[Result "1-0"]
[ECO "D44"]
[WhiteElo "2757"]
[BlackElo "2628"]
[Annotator "TA"]
[PlyCount "119"]
[EventDate "2022.09.21"]
[EventType "tourn"]
[EventCountry "AZE"]
[SourceTitle "playchess.com"]
[Source "ChessBase"]
[SourceQuality "1"]
[TimeControl "900+10"]

1. d4 d5 2. c4 c6 3. Nf3 Nf6 4. Nc3 e6 5. Bg5 dxc4 6. e4 b5 7. e5 h6 8. Bh4 g5 9. Nxg5 hxg5 {[%emt 0:00:01] D44: Semi-Slav: Botvinnik System.} 10. Bxg5 {[%emt 0:00:02][%mdl 64] Pin} Be7 {[%emt 0:00:01] White must now prevent ...Nd5.} 11. exf6 Bxf6 {[%emt 0:00:01] [#] White is slightly better.} 12. Bf4 $5 $146 {[%emt 0:00:02][%mdl 8] New and interesting.} ({Predecessor:} 12. Be3 Na6 13. a4 Nb4 14. axb5 Bxd4 15. Bxd4 Qxd4 16. Qxd4 Nc2+ 17. Kd1 Nxd4 18. b6 a5 19. Bxc4 c5 20. Ne4 {1-0 (50) Martirosyan,H (2652)-Can,E (2599) Sharjah 2022}) 12... Rh4 (12... Bxd4 $11 {keeps the balance.} 13. Qf3 e5) 13. Qf3 Bb7 (13... Qxd4 $2 14. Bg3 Be7 15. Be2 $18) 14. Be2 Be7 (14... Qxd4 $2 15. Bg3 Nd7 16. O-O $18) (14... Bxd4 $2 15. Ne4 Rxf4 16. Qxf4 $16) (14... Na6 $16) 15. O-O (15. g3 $18 Rh7 16. Nxb5 Qa5+ 17. Nc3) 15... Qb6 (15... b4 $16) 16. a4 (16. Rfd1 $18) 16... Nd7 $16 17. Rfd1 a5 (17... a6 $16 {keeps fighting.}) 18. Bg3 Rh7 19. Ne4 c5 20. dxc5 Nxc5 {[%emt 0:00:16] [#]} 21. Nf6+ ({White should try} 21. Rd6 $1 Bxd6 22. Nxd6+ Qxd6 23. Bxd6 Bxf3 24. Bxf3) 21... Bxf6 22. Qxf6 Ne4 {[%emt 0:00:12] Inhibits Qg5.} 23. Qe5 Rc8 (23... Nxg3 $142 24. Qxg3 Kf8) 24. axb5 {[%emt 0:00:46] Dancing on a razor blade.} Rc5 25. Qb8+ Rc8 {[%emt 0:00:16] [#]} 26. Qf4 $36 {[%emt 0:00:05][%mdl 2048] Hoping for Rac1. White is in control.} Qxb5 27. Bf3 {[%emt 0:00:49] A strong pair of Bishops.} (27. Rac1 $18 {[%cal Oc1c4] Threatens to win with Rxc4!} Nxg3 28. Qxg3) 27... Qf5 {[%emt 0:00:47] Loses the game.} (27... Nxg3 $16 28. Qxg3 Kf8) 28. Qxf5 $18 exf5 29. Rxa5 Nxg3 30. Bxb7 Ne2+ 31. Kh1 Rc7 32. Ba6 {[%emt 0:00:56] Strongly threatening Re5+.} ({Don't do} 32. Bf3 Nf4 33. Rxf5 Nd3) 32... Nf4 33. Rxf5 Nd3 34. b3 Nb2 (34... Rh5 $142) 35. Re1+ ({Less strong is} 35. Bb5+ Kf8 $18) 35... Kf8 36. bxc4 Rh6 37. Bb5 Nxc4 38. Bxc4 Rxc4 {[%emt 0:00:01][%mdl 4096] Endgame KRR-KRR} 39. g3 Rc7 40. Kg2 Ra6 41. Re4 {[%emt 0:00:07] Prevents Rc4.} Ra2 42. h4 Rb2 43. g4 Rb3 (43... Rb8 $142 44. Re6 Kg7) 44. h5 Rb1 45. Ref4 Kg7 46. g5 Kg8 47. Rd4 Kg7 48. Rd6 Rb4 49. Kg3 Rc3+ 50. f3 {[%emt 0:00:06] h6+ would kill now.} Rb7 51. h6+ Kh7 52. Rdf6 (52. Kg4 $142 Rc1 53. Rfd5) 52... Rcc7 53. Kg4 {[%emt 0:00:02] aiming for Rd5.} Kg8 54. Rd6 {[%emt 0:00:25] Intending Rd8+ and mate.} Rc1 55. Rfd5 {[%emt 0:00:15] White mates.} Rcc7 56. Kf5 Kh7 57. Kf6 Rc4 58. Rd4 Rc5 59. f4 Ra5 60. R4d5 {[%emt 0:00:12] Weighted Error Value: White=0.18 (very precise) /Black=0.37} 1-0

[Event "Susha Chess Rapid 2022"]
[Site "Shusha"]
[Date "2022.09.23"]
[Round "7.4"]
[White "Wang, Hao"]
[Black "Maghsoodloo, Parham"]
[Result "1/2-1/2"]
[ECO "B94"]
[WhiteElo "2722"]
[BlackElo "2721"]
[Annotator "TA"]
[PlyCount "40"]
[EventDate "2022.09.21"]
[EventType "tourn"]
[EventCountry "AZE"]
[SourceTitle "playchess.com"]
[Source "ChessBase"]
[SourceQuality "1"]
[TimeControl "900+10"]

1. e4 c5 2. Nf3 d6 3. d4 cxd4 4. Nxd4 Nf6 5. Nc3 a6 6. Bg5 Nbd7 7. f4 {[%emt 0:00:02] 7.Qe2 is a critical line.} b5 (7... e5 $11 8. Nf5 Qb6) 8. Qe2 {[%emt 0:00:59] Hoping for e5. B94: Sicilian Najdorf: 6 Bg5 Nbd7.} (8. Bxf6 $5 Nxf6 9. e5 $14) 8... e5 9. fxe5 dxe5 10. O-O-O {[%emt 0:00:11] White is slightly better.} exd4 11. e5 Be7 {[%emt 0:00:47][%cal Of6g4] Strongly threatening ...Ng4!} 12. exf6 {[%emt 0:00:47][%mdl 64] Discovered Attack} gxf6 {[%emt 0:00:05][%cal Bg7f6,Bf6g5,Bg5f4,Bf4f3,Bf3g2][%mdl 32] [#]} 13. Nd5 $1 fxg5 14. Re1 {[%emt 0:00:03][%cal Rd5e7] [#] White has more active pieces. The black rooks are badly placed.} Bb7 $5 $146 {[%emt 0:00:47][%mdl 8] New and interesting.} ({Predecessor:} 14... Nf6 15. Nxf6+ Kf8 16. Qe4 Be6 17. Nxh7+ Kg7 18. Bd3 Ra7 19. Qe5+ Kg8 20. h4 gxh4 21. Qh5 Qd5 22. Re5 Qxg2 23. Ree1 Rxh7 24. Bxh7+ Kf8 25. Rhg1 {1-0 (25) Negi,P (2661)-Vorobiov,E (2586) Leiden 2012}) 15. Nxe7 $18 ({Inferior is} 15. Qxe7+ Qxe7 16. Nxe7 (16. Rxe7+ Kd8 $17) 16... Kd8 $11) 15... Kf8 {[%emt 0:00:02] [#]} (15... d3 $2 16. Qxd3 Qa5 17. Re3 $18 (17. Rd1 Qc7 $16)) 16. Qf2 $2 (16. Qd2 $1 $18 Qb6 17. Bd3 (17. Qxg5 Re8 $14)) 16... Qc7 $1 $11 {[%emt 0:00:48] Threatens to win with ...Re8. The position is equal.} 17. Nf5 Qf4+ 18. Qxf4 gxf4 19. Rd1 f3 20. Nh4 fxg2 {[%emt 0:01:08] Weighted Error Value: White=0.26 (precise) /Black=0.23 (precise)} 1/2-1/2

[Event "Susha Chess Rapid 2022"]
[Site "Shusha"]
[Date "2022.09.23"]
[Round "7.5"]
[White "Mamedov, Rauf"]
[Black "Yilmaz, Mustafa"]
[Result "1/2-1/2"]
[ECO "B50"]
[WhiteElo "2646"]
[BlackElo "2633"]
[Annotator "TA"]
[PlyCount "125"]
[EventDate "2022.09.21"]
[EventType "tourn"]
[EventCountry "AZE"]
[SourceTitle "playchess.com"]
[Source "ChessBase"]
[SourceQuality "1"]
[TimeControl "900+10"]

1. e4 c5 2. Nf3 d6 3. Nc3 Nf6 4. g3 g6 5. Bg2 Bg7 6. O-O O-O 7. d3 Nc6 8. Re1 Nd4 {[%emt 0:02:27] [#] B25: Closed Sicilian: 3 g3, lines without early Be3.} 9. e5 $146 {[%emt 0:01:32] Strongly threatening Nxd4.} ({Predecessor:} 9. h3 Bd7 10. Nd5 Rb8 11. c3 Nxf3+ 12. Qxf3 b5 13. Bg5 Bc6 14. Nxf6+ exf6 15. Bf4 b4 16. cxb4 Rxb4 {0-1 (33) Zhanatbek,A-Egorov,M (1834) Pavlodar 2017}) 9... Ng4 10. exd6 Qxd6 11. h3 {[%emt 0:00:47] Hoping for Ne4.} Nxf3+ 12. Qxf3 ({Don't play} 12. Bxf3 $6 Bd4 13. Bxg4 Qxg3+ 14. Kh1 Bxf2 $11) 12... Ne5 13. Qf4 ({White should try} 13. Qd5 $16) 13... Nc6 {[%emt 0:03:35] [#]} (13... Bd7 $1 $14) 14. Qxd6 $1 $16 exd6 15. Nb5 (15. Bf4 $5 ) 15... Rb8 16. c3 {[%emt 0:01:45] White is more active.} Ne5 17. Nxd6 (17. Rd1 $14) 17... Nxd3 $11 18. Re2 b5 19. Bg5 b4 {[%emt 0:01:15] [#]} 20. Be7 $1 Ba6 21. Rc2 (21. Bf1 $16) 21... Rfe8 22. Nxe8 Rxe8 23. Bg5 {[%emt 0:00:28] And now cxb4 would win.} Ne1 $1 24. Rcc1 Nd3 25. Bf1 bxc3 26. Rxc3 Bxc3 27. bxc3 Ne1 28. Bxa6 Nf3+ 29. Kg2 Nxg5 {[%emt 0:00:01][%mdl 4096] Endgame KRB-KRN} 30. Rd1 Re7 {[%emt 0:00:11] Prevents Rd7.} 31. Rd8+ Kg7 {[%emt 0:00:01] The position is equal.} 32. Bd3 Ne4 33. c4 Ng5 34. Rc8 (34. h4 $5 Ne6 35. Rd6 $11) 34... Rd7 35. h4 Rxd3 36. hxg5 {[%emt 0:00:01] KR-KR} Ra3 37. Rxc5 Rxa2 38. Rc7 a5 39. g4 Rc2 40. Kg3 a4 41. f3 a3 42. Ra7 a2 43. c5 Rxc5 44. Rxa2 Rxg5 45. f4 Rb5 46. g5 h6 47. gxh6+ Kxh6 48. Rh2+ Kg7 49. Ra2 Rb3+ 50. Kg2 Kh6 51. Ra5 f5 52. Ra6 Kh5 53. Rc6 Ra3 54. Rb6 Ra2+ 55. Kg3 Ra3+ 56. Kg2 Kg4 57. Rxg6+ Kxf4 58. Rb6 Ra2+ 59. Kf1 Kg3 60. Rb3+ Kg4 61. Rc3 $1 f4 62. Rb3 f3 {[%emt 0:00:21] ( -> ...Kg3)} 63. Rb8 {[%emt 0:00:02] Weighted Error Value: White=0.07 (flawless) /Black=0.09 (flawless)} 1/2-1/2